 Dungeon Crawl Stone Soup version 0.21-a0-279-g6037ffb (webtiles) character file.

160 aurelian the Twirler (level 4, -2/39 HPs)
             Began as a Demigod Wanderer on Sept 23, 2017.
             Slain by Terence
             ... wielding a +7 mace of protection
              (13 damage)
             ... on level 3 of the Dungeon.
             The game lasted 00:04:23 (2899 turns).

aurelian the Twirler (Demigod Wanderer)             Turns: 2899, Time: 00:04:23

Health: -2/39      AC:  8    Str: 19    XL:     4   Next: 96%
Magic:  7/7        EV: 10    Int: 15    God:
Gold:   192        SH:  0    Dex: 14    Spells: 3/3 levels left

rFire    . . .     SeeInvis .   o - +2 quarterstaff (chaos)
rCold    . . .     Gourm    .   (shield currently unavailable)
rNeg     . . .     Faith    .   i - +0 scale mail
rPois    .         Spirit   .   n - +0 hat
rElec    .         Reflect  .   (no cloak)
rCorr    .         Harm     .   k - +1 pair of gloves
MR       .....                  (no boots)
Stlth    ..........             (no amulet)
HPRegen  0.13/turn              (no ring)
MPRegen  0.10/turn              (no ring)

@: no status effects
A: high mp 1
a: no special abilities


You were on level 3 of the Dungeon.
You were not hungry.

You visited 1 branch of the dungeon, and saw 3 of its levels.

You collected 192 gold pieces.

Inventory:

Hand Weapons
 a - a +2 quarterstaff
 b - a +0 shortbow
 l - a +0 short sword of venom
 o - a +2 quarterstaff of chaos (weapon)
Missiles
 c - 36 arrows
 q - 93 stones (quivered)
Armour
 e - a +0 robe
 g - a +0 ring mail
 i - a +0 scale mail (worn)
 k - a +1 pair of gloves (worn)
 n - a +0 hat (worn)
 u - a +0 buckler
 x - a +0 cloak
 y - a +0 plate armour
Scrolls
 m - 4 scrolls of identify
 r - a scroll of remove curse
Potions
 d - 2 potions of curing
 h - 2 potions of brilliance
 s - a potion of heal wounds {unknown}
 w - a potion of lignification {unknown}
 z - a potion of cancellation {unknown}
Comestibles
 f - 4 bread rations
 j - 2 meat rations
 p - a royal jelly
 v - 4 fruits
 A - 7 chunks of flesh


   Skills:
 + Level 3.6 Fighting
   Level 1.0(2.6) Maces & Flails
 * Level 3.9(4.0) Staves
 - Level 1.7 Armour
 - Level 1.0 Dodging
   Level 1.7 Evocations


You had 3 spell levels left.
You didn't know any spells.

Dungeon Overview and Level Annotations

Branches:
Dungeon (3/15)

Annotations:
D:3 Terence


Innate Abilities, Weirdness & Mutations

You have an increased reservoir of magic. (+10% MP)


Message History

The rat misses you.
You hit the rat. You drain the rat!
You kill the rat!
You hit Terence but do no damage. Terence closely misses you.
You hit Terence but do no damage.
Your hair stands on end.
Terence completely misses you.
You hit Terence but do no damage.
Terence goes berserk!
Terence hits you with a mace of protection!!
Terence hits you with a mace of protection.
You are too injured to fight recklessly!
You hit Terence but do no damage.
Terence hits you with a mace of protection.
* * * LOW HITPOINT WARNING * * *
Unknown command.
Okay, then.
As you read the scroll labeled MONOZI WUENEVI, it crumbles to dust.
The creatures around you are filled with an inner flame!
It was a scroll of immolation.
Terence hits you with a mace of protection!
You die...

#.###...#.##.รท.......#
#..##.###.......##
...###.# ##.....##
#.### #.# ##..>## #.
#.# ##'## # #.# #.# ..#
#.# ########.##
#....@@...#
#.####.....# ##...##
...... ##.##### #.# #.#
..#


You could see Terence (berserk).

Vanquished Creatures
  Crazy Yiuf (D:2)
  Jessica (D:2)
  3 adders
  An ooze (D:2)
  2 worms
  4 dart slugs (D:1)
  5 giant cockroaches
  4 goblins
  7 hobgoblins
  3 jackals (D:3)
  7 kobolds
  4 quokkas
  7 bats
  5 frilled lizards
  8 rats
62 creatures vanquished.

Notes
Turn   | Place    | Note
-------+----------+-------------------------------------------
     0 | D:1      | aurelian the Demigod Wanderer began the quest for the Orb.
     0 | D:1      | aurelian set off with: a +2 quarterstaff, a +0 shortbow, 20 arrows, a potion of curing, a +0 robe, a bread ration
     0 | D:1      | Reached XP level 1. HP: 18/18 MP: 4/4
   286 | D:1      | Reached XP level 2. HP: 25/25 MP: 5/5
  1141 | D:2      | Reached XP level 3. HP: 31/31 MP: 6/6
  1153 | D:2      | Found a shadowy altar of Dithmenos.
  1407 | D:2      | Noticed Jessica
  1415 | D:2      | Killed Jessica
  1576 | D:2      | Found a runed door.
  1642 | D:2      | Found a shattered altar of Ashenzari.
  1642 | D:2      | Found a blossoming altar of Fedhas.
  1644 | D:2      | Found a burning altar of Makhleb.
  1885 | D:2      | Reached XP level 4. HP: 38/38 MP: 7/7
  2090 | D:2      | Noticed Crazy Yiuf
  2097 | D:2      | Killed Crazy Yiuf
  2891 | D:3      | Noticed Terence
  2899 | D:3      | Slain by Terence

Vault maps used:
D:1:      evilmike_arrival_run_for_it, minmay_misc_feat_chi,
          minmay_misc_feat_diagonals
D:2:      nicolae_dithmenos_shadow_blocks, minitemple, first_bread,
          moated_statue, serial_park_tiny_2, uniq_crazy_yiuf_cottage,
          uniq_jessica
D:3:      nicolae_tso_swordbearing_angel, trog_three_pillars_becter,
          uniq_terence

Skill      XL: |  1  2  3 |
---------------+----------+-----
Staves         | 2 3 |  3.9
Fighting       | 3 |  3.6
Maces & Flails | |  1.0
Armour         | |  1.7
Dodging        | |  1.0
Evocations     | |  1.7

Action                   |  1- 3 |  4- 6 || total
-------------------------+-------+-------++-------
Melee: Quarterstaff      |   101 |    71 ||   172
  Use: Scroll            |     2 |     1 ||     3
  Eat: Chunk             |     3 |     3 ||     6
Armor: Scale mail        |    43 |    19 ||    62
Dodge: Dodged            |    62 |    32 ||    94

Table legend:
 A = Spawn XP
 B = Non-spawn XP
 C = Spawn XP percentage of total XP
 D = Spawn monster count
 E = Non-spawn monster count
 F = Spawn count percentage of total count
 G = Total turns spent on level
                    A         B        C        D         E        F      G
               +---------+---------+-------+---------+---------+-------+---------
         Total |       0 |     229 |   0.0 |       0 |      62 |   0.0 |  2899
               +---------+---------+-------+---------+---------+-------+---------
           D:1 |       0 |      46 |   0.0 |       0 |      22 |   0.0 |  1137
           D:2 |       0 |     129 |   0.0 |       0 |      15 |   0.0 |  1224
           D:3 |       0 |      54 |   0.0 |       0 |      25 |   0.0 |   538
               +---------+---------+-------+---------+---------+-------+---------
